 Dungeon Crawl Stone Soup version 0.30-a0-571-gdf30a72648 (webtiles) character file.

Game seed: 11071662955966321586

56 Twinkles the Ruffian (level 3, 35/35 HPs)
             Began as a Troll Gladiator on Dec 29, 2022.
             Was an Initiate of Gozag.
             Got out of the dungeon alive.
             The game lasted 00:02:47 (1645 turns).

Twinkles the Ruffian (Troll Gladiator)              Turns: 1645, Time: 00:02:47

Health: 35/35      AC:  5    Str: 24    XL:     3   Next: 71%
Magic:  2/2        EV: 10    Int:  4    God:    Gozag
Gold:   99         SH:  0    Dex: 11    Spells: 2/2 levels left

rFire   . . .      SeeInvis .      - Unarmed
rCold   . . .      Faith    .    (no shield)
rNeg    . . .      Spirit   .    a - +0 robe
rPois   .          Reflect  .    b - +0 hat
rElec   .          Harm     .    f - +0 cloak
rCorr   .          Rampage  .    (gloves unavailable)
Will    .....                    (boots unavailable)
Stlth   +                        (no amulet)
HPRegen 1.05/turn                (no ring)
MPRegen 0.08/turn                (no ring)

@: no status effects
A: large, unfitting armour, claws 3, regeneration 1, shaggy fur 1, tough skin 1
a: Renounce Religion, Potion Petition, Call Merchant, Bribe Branch


You escaped.
You worshipped Gozag.
Gozag was noncommittal.
You visited 1 branch of the dungeon, and saw 2 of its levels.

You collected 99 gold pieces.

Inventory:

Missiles
 c - 3 throwing nets (quivered)
 d - a large rock
Armour
 a - a +0 robe (worn)
 b - a +0 hat (worn)
 f - a +0 cloak (worn)
Scrolls
 e - a scroll of noise {unknown}
 g - a scroll of teleportation {unknown}
 h - a scroll of enchant weapon {unknown}
 i - a scroll of fog {unknown}
Potions
 j - a potion of degeneration {unknown}
 k - a potion of curing {unknown}
 l - 2 potions of brilliance {unknown}


   Skills:
 + Level 2.1 Fighting
 - Level 2.0 Throwing
 + Level 2.8 Dodging
 * Level 3.8 Unarmed Combat


You had 2 spell levels left.
You didn't know any spells.
Your spell library was empty.

Dungeon Overview and Level Annotations

Branches:
Dungeon (2/15) Zot: 10361

Altars:
Gozag

Shops:
D:1 :


Innate Abilities, Weirdness & Mutations

You are too large for most types of armour.
You have claws for hands.
Your natural rate of healing is unusually fast.
You are covered in fur. (AC +1)
You have tough skin. (AC +1)


Message History

You open the door.
There is an open door here.
Found a robe.
There is an open door here.
There is an open door here.
There is a faded altar of an unknown god here.
This altar belongs to (a) Sif Muna, (b) Gozag or (c) the Shining One, but you can't tell which.
Press the corresponding letter to learn more about a god, or press enter to convert or escape to cancel.
Okay, then.
There is a faded altar of an unknown god here.
This altar belongs to (a) Trog, (b) Xom or (c) Ignis, but you can't tell which.
Press the corresponding letter to learn more about a god, or press enter to convert or escape to cancel.
Okay, then.
There is a faded altar of an unknown god here.
This altar belongs to (a) Sif Muna, (b) Gozag or (c) the Shining One, but you can't tell which.
Press the corresponding letter to learn more about a god, or press enter to convert or escape to cancel.
Gozag accepts your prayer! Gozag welcomes you!
Gozag waives the service fee.
There is an open door here.
There is an open door here.
You see here a +0 robe.
You now have 99 gold pieces (gained 12).
You open the door.
There is an open door here.
There is an open door here.
Found a stone staircase leading up.
There is an open door here.
There is an open door here.
You enter the shallow water.
You enter the shallow water.
Done exploring.
Done exploring.
There is a stone staircase leading down here.
There is a stone staircase leading up here.
You climb upwards.
There is a stone staircase leading down here.
You enter the shallow water.
There is a staircase leading out of the dungeon here.
Are you sure you want to leave the Dungeon?
This will make you lose the game!
Alright, then stay!
Are you sure you want to leave the Dungeon?
This will make you lose the game!
You have escaped!

..####................#..........
.........#######.#######..##.....
...........####...####....##.....
.......#.....#..~..#.....###.....
.......#8..~....~....~..8###.....
.......##...~..~~~..~...##.......
..####.#.....~~~~~~~...(.#.......
..####.....~~~~...~~~~...........
.........~~~~~..@..~~~~~.........
...........~~~~...~~~~....#####..
....##.#.....~~~~~~~.....## #..
.....#.##...~..~~~..~...## ###..
.....#.#8..~....~....~..8# #....
.......#.....#..~..#.....## #....
...........####...####....# #....
###......#######.#######..# #....
.......................######....


There were no monsters in sight!

Vanquished Creatures
  An adder (D:2)
  A dart slug (D:2)
  6 ball pythons
  2 bats
  3 endoplasms
  A giant cockroach (D:2)
  3 goblins (D:1)
  5 hobgoblins
  8 jackals
  2 frilled lizards
  2 kobolds (D:1)
  7 rats
41 creatures vanquished.

Notes
Turn   | Place    | Note
-------+----------+-------------------------------------------
     0 | D:1      | Twinkles the Troll Gladiator began the quest for the Orb.
     0 | D:1      | Reached XP level 1. HP: 19/19 MP: 0/0
   102 | D:1      | Reached XP level 2. HP: 28/28 MP: 1/1
   237 | D:1      | Found Ryciq's Book Emporium.
   838 | D:2      | Reached XP level 3. HP: 31/35 MP: 2/2
  1331 | D:2      | Found a faded altar of an unknown god.
  1348 | D:2      | Found a faded altar of an unknown god.
  1436 | D:2      | Prayed at the altar of an unknown god.
  1436 | D:2      | Became a worshipper of Gozag Ym Sagoz the Greedy
  1645 | D:$      | Got out of the dungeon alive.

Illustrated notes

Levels and vault maps discovered:
D:1:      eino_arrival_water_star, layout_basic, serial_shops,
          nicolae_shop_hallway_stairs
D:2:      wander_river, layout_basic,
          hellmonk_ecumenical_altar_the_god_not_taken

Skill      XL: |  1  2 |
---------------+-------+-----
Throwing       | 2 |  2.0
Fighting       | 2 |  2.1
Dodging        | |  2.8
Unarmed Combat | |  3.8

Action                   || total
-------------------------++-------
Melee: Unarmed           ||   104
       Punch             ||     1
 Stab: Sleeping          ||     2
Armor: Robe              ||    42
Dodge: Dodged            ||    38

Table legend: (Time is in decaauts)
 A = Elapsed time spent in this place.
 B = Non-inter-level travel time spent in this place.
 C = Inter-level travel time spent in this place.
 D = Time resting spent in this place.
 E = Time spent auto-exploring this place.
 F = Levels seen in this place.
 G = Mean time per level.
                   A        B        C        D        E       F      G
               +--------+--------+--------+--------+--------+-----+--------+
         Total |   1638 |   1501 |    137 |      0 |   1250 |   2 |  819.0 |
       Dungeon |   1638 |   1501 |    137 |      0 |   1250 |   2 |  819.0 |
               +--------+--------+--------+--------+--------+-----+--------+

Top non-repeatable levels by time:
     D:2: 858 daAuts
     D:1: 779 daAuts
